 Dungeon Crawl Stone Soup version 0.27-a0-277-g024f7ef292 (webtiles) character file.

Game seed: 2278818641854527109

8681 Borgoz the Fighter (level 11, 0/72 HPs)
             Began as a Gargoyle Berserker on Feb 5, 2021.
             Was an Elder of Trog.
             Slain by a killer bee (6 damage)
             ... on level 8 of the Dungeon.
             The game lasted 00:12:07 (10664 turns).

Borgoz the Fighter (Gargoyle Berserker)            Turns: 10664, Time: 00:12:08

Health: 0/72       AC: 18    Str: 27    XL:     11   Next: 34%
Magic:  11/11      EV: 15    Int:  8    God:    Trog [****..]
Gold:   585        SH:  0    Dex: 12    Spells: 10/10 levels left

rFire    + + .     SeeInvis .   p - +1 flail (vorpal)
rCold    . . .     Faith    .   (no shield)
rNeg     + . .     Spirit   .   l - +2 ring mail {rF+}
rPois    ∞         Reflect  .   (no helmet)
rElec    +         Harm     .   (no cloak)
rCorr    .         Rampage  .   (no gloves)
Will     .....                  d - +0 pair of boots
Stlth    +.........             (no amulet)
HPRegen  0.22/turn              c - +6 ring of strength
MPRegen  0.12/turn              j - ring of protection from fire

@: about to teleport, berserk cooldown, slowed, studying Fighting, very slow
A: negative energy resistance 1, electricity resistance, unbreathing,
petrification resistance, miasma immunity, AC +8
a: Renounce Religion, Berserk, Trog's Hand, Brothers in Arms


You were on level 8 of the Dungeon.
You worshipped Trog.
Trog was greatly pleased with you.
You visited 2 branches of the dungeon, and saw 9 of its levels.
You also visited: Bailey.

You collected 585 gold pieces.

Inventory:

Hand Weapons
 p - a +1 vorpal flail (weapon)
Armour
 d - a +0 pair of boots (worn)
 l - a +2 ring mail of fire resistance (worn)
Jewellery
 c - a +6 ring of strength (left hand)
 j - a ring of protection from fire (right hand)
 k - an uncursed ring of ice
Wands
 g - a wand of iceblast (3)
Scrolls
 e - 2 scrolls of enchant armour
 h - 7 scrolls of enchant weapon
 n - 4 scrolls of remove curse
 o - a scroll of fog {unknown}
Potions
 a - a potion of mutation {unknown}
 b - a potion of flight
 f - a potion of resistance


   Skills:
 + Level 10.0 Fighting
 + Level 9.8 Maces & Flails
 + Level 9.5 Armour
 + Level 8.0 Dodging
 - Level 3.5 Evocations


You had 10 spell levels left.
You didn't know any spells.
Your spell library was empty.

Dungeon Overview and Level Annotations

Branches:
Dungeon (8/15)             Temple (1/1) D:5            Lair (0/6) D:8
 Bailey (visited)

Altars:
Cheibriados
Dithmenos
Elyvilon
Fedhas
Gozag
Hepliaklqana
Kikubaaqudgha
Makhleb
Okawaru
Qazlal
Ru
Sif Muna
Trog
Vehumet
Wu Jian
Xom
Yredelemnul
Zin
The Shining One

Shops:
D:7 ?[


Innate Abilities, Weirdness & Mutations

You are resistant to torment.
Your stone body is resilient. (AC +8)
You are immune to poison.
You resist negative energy. (rN+)
You are resistant to electric shocks. (rElec)
You can survive without breathing.
You are immune to petrification.
You are immune to miasma.


Message History

It was a scroll of magic mapping.
The killer bee barely misses you. The killer bee misses you.
The jackal bites you but does no damage.
The killer bee stings you. The death yak closely misses you.
The killer bee misses you.
The bullfrog hits you but does no damage.
The death yak gores you!
* * * LOW HITPOINT WARNING * * *
The killer bee closely misses you. The jackal misses you.
The bullfrog hits you.
* * * LOW HITPOINT WARNING * * *
The death yak gores you!
* * * LOW HITPOINT WARNING * * *
The killer bee stings you but does no damage.
The death yak barely misses you. The killer bee barely misses you.
The jackal closely misses you.
As you read the scroll labelled NOTEUH JAE, it crumbles to dust.
You feel strangely unstable.
It was a scroll of teleportation.
The killer bee stings you.
You die...

***,,,.............:##.....###
**,,,,**#......(..##....#####
*,,,,** #.......####.##.** ******
##......####.##.<********
*#.............#,,,,,,,,,
*#...#........>..,,,******
*******#...##.$.Sy......,,,,,,,,,
,,,,,,,...#*#..yyY..)...,,,,,,,,,
,,,,,,,...* #.hy@yrZ....,,,,,,**,
,,,,,,,##** ##.hFY##....,,,,,,*,,
>,,,,,,* #..#rrh....,,,,,,,,,
,,,,,,,* #..##rr..,*,,>,,*,,,
,,,,,,,* #..#*#.....*,,,,,,,,
,,,,,,,* #.(# *.....,,,,,,,,,
,,,,,,,* #..#***#...,,,,,,,,,
,,,,,,,* #..,* *#.#,,,,,,,,,
,,,,,,,* *,,,* ***,,,,,***,


You could see 2 death yaks, a bullfrog, a howler monkey, a hell rat, 5 killer
bees, an adder, a river rat, an adder zombie, 2 jackals and 3 rats.

Vanquished Creatures
  A death yak (D:8)
  Joseph (D:7)
  A slime creature (D:7)
  13 orc warriors
  2 ice beasts
  3 ogres
  12 centaurs
  3 phantoms
  2 bullfrogs
  A big kobold (D:8)
  A wyvern skeleton (D:7)
  6 killer bees
  13 wights
  A howler monkey (D:7)
  A quasit (D:7)
  4 hounds
  An orc priest (D:8)
  A bullfrog skeleton (D:4)
  A centaur skeleton (D:7)
  3 hell rats (D:8)
  5 iguanas
  7 orc wizards
  5 worker ants
  A hound zombie (D:5)
  A hound skeleton (D:4)
  4 gnolls
  11 adders
  A shadow imp (D:6)
  4 white imps
  An ufetubus (D:8)
  3 oozes
  An adder skeleton (D:7)
  2 worms
  2 dart slugs
  4 leopard geckos
  38 orcs
  3 bats
  9 giant cockroaches
  13 goblins
  7 hobgoblins
  11 jackals
  4 quokkas
  5 frilled lizards
  12 kobolds
  A quokka zombie (D:5)
  7 rats
233 creatures vanquished.

Vanquished Creatures (others)
  2 orcs (Bailey)
2 creatures vanquished.

Grand Total: 235 creatures vanquished

Notes
Turn   | Place    | Note
-------+----------+-------------------------------------------
     0 | D:1      | Borgoz the Gargoyle Berserker began the quest for the Orb.
     0 | D:1      | Reached XP level 1. HP: 14/14 MP: 1/1
    35 | D:1      | Reached XP level 2. HP: 10/19 MP: 2/2
   397 | D:1      | Reached XP level 3. HP: 23/23 MP: 3/3
   527 | D:1      | Reached ** piety under Trog
   896 | D:2      | Reached XP level 4. HP: 21/29 MP: 4/4
  1287 | D:2      | Reached skill level 4 in Fighting
  1987 | D:2      | Reached XP level 5. HP: 33/33 MP: 5/5
  2571 | D:3      | Found a snail-covered altar of Cheibriados.
  3133 | D:4      | Found a stormy altar of Qazlal.
  3200 | D:4      | Noticed an ogre
  3209 | D:4      | Killed an ogre
  3209 | D:4      | Reached *** piety under Trog
  3210 | D:4      | Reached XP level 6. HP: 39/39 MP: 6/6
  3908 | D:4      | Reached skill level 5 in Fighting
  4133 | D:4      | Reached XP level 7. HP: 44/44 MP: 7/7
  4173 | D:4      | Found a shimmering altar of Xom.
  4173 | D:4      | Found a shimmering altar of Xom.
  4181 | D:4      | Found a shimmering altar of Xom.
  4181 | D:4      | Found a shimmering altar of Xom.
  4182 | D:4      | Found a shimmering altar of Xom.
  4183 | D:4      | Found a shimmering altar of Xom.
  4256 | D:5      | Entered Level 5 of the Dungeon
  4942 | D:5      | Found a staircase to the Ecumenical Temple.
  4965 | Temple   | Entered the Ecumenical Temple
  5156 | D:5      | Reached skill level 5 in Maces & Flails
  5391 | D:5      | Reached skill level 5 in Armour
  6160 | D:6      | Reached XP level 8. HP: 39/51 MP: 8/8
  6399 | D:6      | Reached skill level 6 in Fighting
  6741 | D:6      | Found a glowing golden altar of the Shining One.
  6789 | D:6      | Found a sacrificial altar of Ru.
  7234 | D:6      | Reached **** piety under Trog
  7578 | D:7      | Reached XP level 9. HP: 52/56 MP: 9/9
  7602 | D:7      | Found Lelunuad's Magic Scroll Shoppe.
  7615 | D:7      | Reached skill level 7 in Fighting
  7679 | D:7      | Noticed Joseph
  7698 | D:7      | Killed Joseph
  7699 | D:7      | Reached skill level 5 in Dodging
  8253 | D:7      | Found Zyps's Armour Shop.
  8314 | D:7      | HP: 3/87 [wight/+0 scimitar (4)]
  8315 | D:7      | HP: 1/87 [worker ant (2)]
  8319 | D:7      | Reached skill level 9 in Fighting
  8319 | D:7      | Reached XP level 10. HP: 5/66 MP: 10/10
  9255 | D:8      | Found a flagged portal.
  9347 | Bailey   | Entered a bailey
  9536 | Bailey   | Reached XP level 11. HP: 35/71 MP: 11/11
 10636 | D:8      | Noticed a death yak
 10643 | D:8      | Noticed a death yak
 10646 | D:8      | Noticed a death yak
 10657 | D:8      | Killed a death yak
 10658 | D:8      | Reached skill level 10 in Fighting
 10664 | D:8      | Slain by a killer bee

Illustrated notes

Levels and vault maps discovered:
D:1:      wander_arrival_desolate, layout_rooms
D:2:      layout_basic
D:3:      layout_loops_ring, nicolae_overflow_crystal_walls,
          wad_floor_pattern_untrapped, amcnicky_mini_pool_small
D:4:      layout_cave_pools, xom_redecorated, grunt_qazlal_sundering,
          corexii_shack
D:5:      layout_loops_corners, minmay_temple_entry_arrows
D:6:      layout_basic, basic_altar, hangedman_abyss_or_decor_stagger,
          nicolae_ru_sacrificial_ziggurat
D:7:      hangedman_cross_stitches, layout_basic, serial_shops,
          nicolae_shop_crystal, shop, uniq_joseph
D:8:      layout_rooms, amethyst_overflow_temple_binary, dpeg_lair_monsters,
          enter_bailey_5, minmay_holes
Temple:   lightli_temple_of_artemis

Skill      XL: |  1  2  3  4  5  6  7  8  9 10 11 |
---------------+----------------------------------+-----
Dodging        | 2 3 4 7 8 |  8.0
Armour         | 3 4 5 6 8 9 |  9.5
Fighting       | 4 5 6 9 10 | 10.0
Maces & Flails | 4 5 6 9 |  9.8
Evocations     | 3 |  3.5

Action                   |  1- 3 |  4- 6 |  7- 9 | 10-12 || total
-------------------------+-------+-------+-------+-------++-------
Melee: Mace              |   110 |   183 |   137 |       ||   430
       Flail             |       |       |   234 |   298 ||   532
Invok: Berserk           |     2 |     5 |     8 |     6 ||    21
       Trog's Hand       |       |       |     2 |     6 ||     8
Evoke: Wand              |       |       |       |    17 ||    17
  Use: Scroll            |       |     7 |     3 |     4 ||    14
       Potion            |       |       |     3 |       ||     3
 Stab: Sleeping          |       |     1 |       |       ||     1
Armor: Animal skin       |    65 |    51 |    58 |       ||   174
       Ring mail         |       |       |   180 |   248 ||   428
Dodge: Dodged            |   103 |   153 |   372 |   443 ||  1071

Table legend: (Time is in decaauts)
 A = Elapsed time spent in this place.
 B = Non-inter-level travel time spent in this place.
 C = Inter-level travel time spent in this place.
 D = Time resting spent in this place.
 E = Time spent auto-exploring this place.
 F = Levels seen in this place.
 G = Mean time per level.
                   A        B        C        D        E       F      G
               +--------+--------+--------+--------+--------+-----+--------+
         Total |  10907 |  10702 |    205 |   1558 |   6955 |  10 | 1090.7 |
       Dungeon |   9581 |   9382 |    199 |   1224 |   6474 |   8 | 1197.6 |
        Temple |    132 |    126 |      6 |      0 |     99 |   1 |  132.0 |
        Bailey |   1193 |   1193 |      0 |    334 |    382 |   1 | 1193.0 |
               +--------+--------+--------+--------+--------+-----+--------+

Top non-repeatable levels by time:
     D:6: 1925 daAuts
     D:2: 1754 daAuts
     D:5: 1730 daAuts
     D:4: 1322 daAuts
     D:7: 1298 daAuts
  Bailey: 1193 daAuts
     D:3: 672 daAuts
     D:1: 642 daAuts
     D:8: 235 daAuts
  Temple: 132 daAuts
